 Dungeon Crawl Stone Soup version 0.24.0-37-gcf1ca852f1 (webtiles) character file.

Game seed: 18145035708713605317, levelgen mode: deterministic

727 H0rd4k the Thaumaturge (level 7, -4/36 HPs)
             Began as a Deep Elf Wizard on Nov 22, 2019.
             Shot with an arrow by a centaur (13 damage)
             ... on level 6 of the Dungeon.
             The game lasted 00:13:01 (4885 turns).

H0rd4k the Thaumaturge (Deep Elf Wizard)            Turns: 4885, Time: 00:13:01

Health: -4/36      AC:  5    Str:  4    XL:     7   Next: 44%
Magic:  16/21      EV: 13    Int: 25    God:
Gold:   466        SH:  0    Dex: 13    Spells: 14/23 levels left

rFire    . . .     SeeInvis .   A - +2 dagger (holy)
rCold    + . .     Gourm    .   (no shield)
rNeg     . . .     Faith    .   a - +0 robe
rPois    .         Spirit   .   i - +2 helmet
rElec    .         Reflect  .   (no cloak)
rCorr    .         Harm     .   (no gloves)
MR       .....                  (no boots)
Stlth    ++........             C - amulet of regeneration
HPRegen  0.52/turn              u - ring of protection from cold
MPRegen  0.17/turn              (no ring)

@: no status effects
A: no striking features
a: no special abilities


You were on level 6 of the Dungeon.
You were not hungry.

You visited 1 branch of the dungeon, and saw 6 of its levels.
You also visited: Ossuary.

You collected 466 gold pieces.

Inventory:

Hand Weapons
 A - a +2 dagger of holy wrath (weapon)
Missiles
 q - 4 boomerangs of dispersal
 v - 16 poisoned darts (quivered)
Armour
 a - a +0 robe (worn)
 b - a +0 hat
 i - a +2 helmet (worn)
 l - the -1 cloak "Vaiczeh" {-Tele rN+ MR+}
   (You found it on level 6 of the Dungeon)

   It protects you from negative energy.
   It affects your resistance to hostile enchantments.
   It prevents most forms of teleportation.
Jewellery
 u - a ring of protection from cold (left hand)
 C - an amulet of regeneration (around neck)
Wands
 r - a wand of flame (16)
 y - a wand of paralysis (8)
Scrolls
 c - 2 scrolls of magic mapping
 e - 3 scrolls of remove curse
 g - 3 scrolls of enchant armour {unknown}
 j - 2 scrolls of blinking {unknown}
 m - 2 scrolls of fear {unknown}
 n - a scroll of enchant weapon {unknown}
 p - 8 scrolls of teleportation
 s - 2 scrolls of amnesia {unknown}
 t - 2 scrolls of immolation {unknown}
 z - a scroll of noise {unknown}
Potions
 f - a potion of magic
 h - 3 potions of flight
 k - 5 potions of curing
 o - a potion of might
 w - 2 potions of degeneration
 x - 2 potions of lignification
 B - 2 potions of brilliance {unknown}
 E - a potion of heal wounds {unknown}
Comestibles
 d - 4 rations
 D - a chunk of flesh


   Skills:
 + Level 0.2 Fighting
 + Level 3.3 Dodging
 + Level 3.9 Stealth
 + Level 8.8 Spellcasting
 + Level 4.2 Conjurations
   Level 1.1 Summonings
 + Level 1.9 Translocations
 + Level 2.4 Fire Magic


You had 14 spell levels left.
You knew the following spells:

 Your Spells              Type           Power        Failure   Level  Hunger
a - Magic Dart            Conj           ####         1%          1    None
b - Blink                 Tloc           N/A          3%          2    None
c - Conjure Flame         Conj/Fire      ####....     4%          3    None
d - Mephitic Cloud        Conj/Pois/Air  ###.....     10%         3    None

Your spell library contained the following spells:

 Spells                   Type           Power        Failure   Level  Hunger
 Call Imp                 Summ           ###.....     5%          2    None
 Slow                     Hex            ##......     9%          2    None


Dungeon Overview and Level Annotations

Branches:
Dungeon (6/15)             Temple (0/1) D:4         Ossuary (visited)

Altars:
Cheibriados
Fedhas
Hepliaklqana
Nemelex Xobeh
Qazlal
Uskayaw

Shops:
D:6 ?

Annotations:
D:3 1 exclusion
D:5 Eustachio


Message History

The magic dart hits the ogre!
The ogre is heavily wounded.
The centaur wields a +0 shortbow.
The centaur shoots an arrow.
The arrow hits you!!
Ouch! That really hurt!
Casting: Magic Dart (safe; 1% risk of failure)
Confirm with . or Enter, or press ? or * to list all spells.
Aiming: Magic Dart (safe; 1% risk of failure)
Press: ? - help, Shift-Dir - straight line, f/p - ogre
Aim: an ogre, wielding a +0 giant spiked club (heavily wounded)
The magic dart hits the ogre!
The ogre is severely wounded.
The centaur shoots an arrow.
The arrow closely misses you.
The centaur shoots an arrow.
The arrow hits you.
You see here an arrow.
The centaur shoots an arrow.
The arrow hits you.
* * * LOW HITPOINT WARNING * * *
You see here an arrow.
The centaur shoots an arrow.
The arrow hits you!
You die...

..#.##.... ##
..#......###.##
.............##c.
.................
#......(...c... .
###....(##....>.
..#...............
.......(..........
.......@#.........
..#.....##........
##..............
#..........##..
#..............
##..........###.... .#
#...........###.... ..#
#...........#..........
##..#...............##(.


You could see a centaur.

Vanquished Creatures
  A phantom (D:6)
  An ogre (D:6)
  A centaur zombie (Ossuary)
  A bullfrog skeleton (D:5)
  A hound (D:6)
  2 human skeletons (D:5)
  2 human zombies (D:5)
  Jessica (D:3)
  An iguana (D:5)
  3 worker ants
  2 big kobold zombies (Ossuary)
  2 mummies (Ossuary)
  2 worker ant zombies (D:6)
  4 gnolls (D:5)
  An adder (D:2)
  2 shadow imps (D:6)
  2 oozes (D:2)
  3 worms
  2 dart slugs
  3 leopard geckos
  3 orcs
  2 ball pythons
  A giant cockroach (D:4)
  2 gnoll zombies (Ossuary)
  2 goblins (D:1)
  6 hobgoblins
  3 jackals (D:5)
  7 kobolds
  9 bats
  2 frilled lizards
  3 goblin zombies (Ossuary)
  A hobgoblin zombie (Ossuary)
  An orc skeleton (D:5)
  6 orc zombies
  7 rats
92 creatures vanquished.

Notes
Turn   | Place    | Note
-------+----------+-------------------------------------------
     0 | D:1      | H0rd4k the Deep Elf Wizard began the quest for the Orb.
     0 | D:1      | Reached XP level 1. HP: 10/10 MP: 7/7
   182 | D:1      | Reached XP level 2. HP: 15/15 MP: 5/9
   207 | D:1      | Reached skill level 5 in Spellcasting
   787 | D:2      | Reached XP level 3. HP: 19/19 MP: 4/11
   846 | D:2      | Learned a level 2 spell: Blink
   850 | D:2      | Learned a level 3 spell: Conjure Flame
   854 | D:2      | Learned a level 3 spell: Mephitic Cloud
  1628 | D:3      | Found a hide-covered altar of Uskayaw.
  1781 | D:3      | Noticed Jessica
  1785 | D:3      | Killed Jessica
  1785 | D:3      | Reached skill level 6 in Spellcasting
  1785 | D:3      | Reached XP level 4. HP: 24/24 MP: 8/14
  2364 | D:4      | Found a stormy altar of Qazlal.
  2469 | D:4      | Found a staircase to the Ecumenical Temple.
  2664 | D:4      | Found a sparkling altar of Nemelex Xobeh.
  2845 | D:5      | Entered Level 5 of the Dungeon
  2903 | D:5      | Reached XP level 5. HP: 26/28 MP: 2/16
  3027 | D:5      | Noticed Eustachio
  3071 | D:5      | Found a hazy altar of Hepliaklqana.
  3099 | D:5      | Found a blossoming altar of Fedhas.
  3309 | D:5      | Reached skill level 7 in Spellcasting
  3348 | D:5      | Reached XP level 6. HP: 16/32 MP: 5/18
  3359 | D:5      | Found a sand-covered staircase.
  3392 | Ossuary  | Entered an ossuary
  3520 | Ossuary  | Reached skill level 1 in Fire Magic
  3809 | D:5      | Reached skill level 8 in Spellcasting
  4476 | D:6      | Reached XP level 7. HP: 22/36 MP: 11/20
  4480 | D:6      | Got a spiked cloak
  4492 | D:6      | Identified the -1 cloak "Vaiczeh" {-Tele rN+ MR+} (You
                  | found it on level 6 of the Dungeon)
  4518 | D:6      | Found a snail-covered altar of Cheibriados.
  4541 | D:6      | Found Hebbium's Magic Scroll Shop.
  4885 | D:6      | Shot with an arrow by a centaur

Levels and vault maps discovered:
D:1:      scummos_arrival_hexagon, layout_loops_ring
D:2:      layout_basic
D:3:      layout_loops_ring, lemuel_crystal_altar, first_ration,
          chequers_serial_rivers_micro_b, minmay_statues_item, uniq_jessica
D:4:      layout_basic, nicolae_qazlal_general_emergency, lemuel_crystal_altar,
          minmay_temple_entry_grid
D:5:      layout_basic, lemuel_doored_altar, lemuel_crystal_altar, zin_statuary,
          nicolae_ossuary_entry_catacombs, uniq_eustachio
D:6:      kennysheep_kobold_camp, layout_cave_pools, cheibriados_altar_1,
          kennysheep_okawaru_gauntlet, trog_eyes_of_draining,
          yredelemnul_altar_generic, serial_shops, shop, kennysheep_cross_room,
          minmay_crystal_water

Skill      XL: |  1  2  3  4  5  6  7 |
---------------+----------------------+-----
Spellcasting   | 5 6 7 8 |  8.8
Conjurations   | 2 3 4 |  4.2
Stealth        | 3 |  3.9
Fire Magic     | 2 |  2.4
Dodging        | 3 |  3.3
Fighting       | |  0.2
Summonings     | |  1.1
Translocations | |  1.9

Action                   |  1- 3 |  4- 6 |  7- 9 || total
-------------------------+-------+-------+-------++-------
 Cast: Magic Dart        |    92 |   115 |    29 ||   236
       Conjure Flame     |       |    17 |     2 ||    19
       Blink             |       |     5 |     3 ||     8
  Use: Scroll            |       |    10 |       ||    10
  Eat: Chunk             |     2 |     5 |     1 ||     8
       Ration            |       |     1 |       ||     1
Armor: Robe              |     4 |    13 |     2 ||    19
Dodge: Dodged            |     9 |    31 |     8 ||    48
